 Dungeon Crawl Stone Soup version 0.20.0-10-g0535bb4 (webtiles) character file.

605383 xgamer67 the Slayer (level 26, -5/260 HPs)
             Began as a Centaur Hunter on June 7, 2017.
             Was the Champion of Okawaru.
             Slain by a golden dragon (38 damage)
             ... on level 4 of the Realm of Zot on June 8, 2017.
             The game lasted 04:46:16 (78998 turns).

xgamer67 the Slayer (Centaur Hunter)               Turns: 78998, Time: 04:46:17

Health: -5/260     AC: 47    Str: 23    XL:     26   Next: 60%
Magic:  30/30      EV: 14    Int: 10    God:    Okawaru [******]
Gold:   4850       SH:  0    Dex: 17    Spells: 14/25 levels left

rFire    + + .     SeeInvis .   b - +3 glaive (freeze)
rCold    . . .     Gourm    .   (shield currently unavailable)
rNeg     + + .     Faith    +   D - +11 chain mail of Mumblety Peg {Regen+ rCorr Dex-5}
rPois    +         Spirit   .   s - +2 helmet
rElec    .         Reflect  .   v - +2 cloak {rPois}
rCorr    +         Harm     .   R - +2 pair of gloves {Str+3}
MR       ++...                  i - +4 centaur barding {rF+}
Stlth    ..........             y - amulet "Zushronuh" {Faith Dex+5}
Regen    1.0/turn               m - ring of protection from magic
MPRegen  0.3/turn               g - ring "Vaner" {Wiz rF+ rN++ Str-2 Dex+2}

@: lethally poisoned (-5 -> -5), berserk cooldown, very quick
A: hooves 3, deformed body, speed 2, tough skin 3
}: 3/15 runes: barnacled, silver, gossamer
a: Heroism, Finesse, Renounce Religion


You were on level 4 of the Realm of Zot.
You worshipped Okawaru.
Okawaru was exalted by your worship.
You were not hungry.

You visited 10 branches of the dungeon, and saw 50 of its levels.
You visited the Abyss 1 time.
You also visited: Labyrinth, Bailey and Volcano.

You collected 7918 gold pieces.
You spent 3068 gold pieces at shops.

Inventory:

Hand Weapons
 a - a +9 longbow of freezing
 b - a +3 glaive of freezing (weapon)
Missiles
 d - 1514 arrows
Armour
 i - a +4 centaur barding of fire resistance (worn)
 s - a +2 helmet (worn)
 v - a +2 cloak of poison resistance (worn)
 D - the +11 chain mail of Mumblety Peg (worn) {Regen+ rCorr Dex-5}
   (You bought it in a shop on level 2 of the Orcish Mines)

   It affects your dexterity (-5).
   It increases your rate of regeneration.
   It protects you from acid and corrosion.
 R - a +2 pair of gloves of strength (worn)
Jewellery
 g - the ring "Vaner" (right hand) {Wiz rF+ rN++ Str-2 Dex+2}
   (You found it on level 3 of the Elven Halls)

   [ring of wizardry]

   It improves your spell success rate.
   It affects your strength (-2).
   It affects your dexterity (+2).
   It protects you from fire.
   It greatly protects you from negative energy.
 k - an uncursed ring of protection from magic
 m - a ring of protection from magic (left hand)
 y - the amulet "Zushronuh" (around neck) {Faith Dex+5}
   (You bought it in a shop on level 2 of the Orcish Mines)

   [amulet of faith]

   It allows you to gain divine favour quickly.
   It affects your dexterity (+5).
 J - the ring of Greed {rC+ Int-2 Dex+5 Stlth+}
   (You acquired it on level 1 of the Depths)

   [ring of dexterity]

   It affects your intelligence (-2).
   It affects your dexterity (+5).
   It protects you from cold.
   It makes you more stealthy.
 T - an uncursed ring of see invisible
Wands
 l - a wand of scattershot (4/9)
 A - a wand of paralysis (7/24)
 K - a wand of iceblast (10/15)
 U - a wand of clouds (2/9)
 W - a wand of digging (8/24)
Scrolls
 c - 14 scrolls of teleportation
 j - 4 scrolls of blinking
 r - 3 scrolls of magic mapping
 t - 6 scrolls of identify
 x - 8 scrolls of immolation
 F - 2 scrolls of fear
 O - a scroll of holy word
 Q - 12 scrolls of recharging
 S - 3 scrolls of summoning
 Z - 3 scrolls of fog
Potions
 e - 12 potions of haste
 h - 5 potions of ambrosia
 n - 4 potions of heal wounds
 p - 8 potions of might
 u - 6 potions of flight
 G - 10 potions of agility
 L - 2 potions of resistance
 M - 2 potions of invisibility
 N - 16 potions of curing
 X - 5 potions of berserk rage
 Y - 2 potions of cancellation
Miscellaneous
 o - a lightning rod (2/4)
 z - a phial of floods
 C - 2 boxes of beasts
 E - 4 phantom mirrors
 I - a fan of gales (inert)
 P - a sack of spiders
 V - a lamp of fire
Comestibles
 f - 18 bread rations
 w - 62 fruits
 B - 36 meat rations
 H - 16 royal jellies


   Skills:
 + Level 25.8 Fighting
 - Level 12.0 Polearms
 - Level 20.0 Bows
 + Level 18.7 Armour
 - Level 17.0 Dodging
 - Level 0.4 Stealth
 - Level 7.0 Invocations
 - Level 10.0 Evocations


You had 14 spell levels left.
You knew the following spells:

 Your Spells              Type           Power        Failure   Level  Hunger
a - Animate Skeleton      Necr           N/A          45%         1    ##.....
b - Apportation           Tloc           #.....       45%         1    ##.....
c - Confusing Touch       Hex            #.....       45%         1    ##.....
d - Summon Small Mammal   Summ           #...         45%         1    ##.....
e - Passwall              Tmut/Erth      #.........   61%         2    ###....
f - Blink                 Tloc           N/A          61%         2    ###....
g - Swiftness             Chrm/Air       #.......     61%         2    ###....
h - Summon Butterflies    Summ           #.......     45%         1    ##.....


Dungeon Overview and Level Annotations

Branches:
Dungeon (15/15)            Temple (1/1) D:4            Lair (6/6) D:11
 Shoals (4/4) Lair:2       Spider (4/4) Lair:3        Slime (0/5) Lair:6
    Orc (2/2) D:10            Elf (3/3) Orc:2        Vaults (5/5) D:13
  Crypt (0/3) Vaults:3     Depths (5/5) D:15            Zot (5/5) Depths:5

Altars:
Ashenzari
Cheibriados
Dithmenos
Gozag
Hepliaklqana
Makhleb
Okawaru
Qazlal
Sif Muna
Uskayaw
Vehumet
Xom
Yredelemnul
Beogh
Lugonu

Shops:
D:4 ?   D:11 [(   Orc:2 ?[*=   Elf:2 (   Elf:3 !   Shoals:2 *

Portals:
Hell: Depths:1 Depths:2 Depths:3 Depths:4 Depths:5
Abyss: Depths:4
Pandemonium: Depths:3
Ziggurat: Depths:3
Trove: Vaults:1 (give +7 demon whip)

Annotations:
Elf:2 3 runed doors


Innate Abilities, Weirdness & Mutations

You have hooves in place of feet.
Armour fits poorly on your strangely shaped body.
You cover ground very quickly.
You have extremely tough skin. (AC +3)


Message History

Okay, then.
Evoke which item? (* to show all) (? for menu, Esc to quit)
Okay, then.
You feel sick.
The quicksilver dragon breathes dispelling energy at you.
The bolt of dispelling energy hits you!
Your magical effects are unravelling.
* * * LOW HITPOINT WARNING * * *
The golden dragon closely misses you.
The golden dragon claws you but does no damage.
The golden dragon tramples you!!
* * * LOW HITPOINT WARNING * * *
You stumble backwards!
You feel much better.
You feel yourself speed up.
You feel sick. The golden dragon misses you.
The golden dragon closely misses you. The golden dragon tramples you.
* * * LOW HITPOINT WARNING * * *
You stumble backwards!
The golden dragon bites you!!!
You die...

###### #.......# .....# #.......#
.....# #.......# .....# #.......#
**** .....# #.......# *,,,
....[########.......##########...
......)[).))...........(q)d....(.
.....########......D.#########.(.
.....# #...@D...## **,,,
#############.........# *,,,,
.........[)).).###....# *,,,,
##############.# #....# *,,,,
#......#####'## *,,,, #.......#
#.# *,,,, #.......# #.# *,,,,
#.......## #.# *,,,,
#######..###.# *,,,,


You could see a golden dragon (berserk) and a quicksilver dragon.

Vanquished Creatures
  A juggernaut (Depths:2)
  Mennas (Depths:4)
  Xtahua (Vaults:3)
  Boris (Vaults:5)
  Bai Suzhen (Depths:2)
  Frederick (Depths:4)
  Saint Roka (Vaults:1)
  A caustic shrike (Depths:1)
  A caustic shrike (shapeshifter) (Depths:2)
  A Killer Klown (Zot:2)
  9 golden dragons
  An electric golem (Zot:3)
  Jorgrun (Shoals:3)
  7 liches
  8 quicksilver dragons
  Rupert (D:14)
  15 tentacled monstrosities
  4 titans
  2 deep elf blademasters (Elf:3)
  2 deep elf master archers (Elf:3)
  4 death cobs
  6 sphinxes
  A kraken (Shoals:2)
  Polyphemus (Shoals:2)
  Kirke (Lair:6)
  10 storm dragons
  6 draconian monks
  8 tengu reavers
  Donald (Shoals:2)
  The ghost of Canard the Brawler, a journeyman TrAr of Zin (D:15)
  Roxanne (D:14)
  Ilsuiw (Shoals:4)
  12 fire giants
  13 shadow dragons
  9 deep elf sorcerers
  18 frost giants
  4 iron dragons
  5 draconian knights
  10 emperor scorpions
  2 draconian scorchers
  4 ghost moths
  A balrug (Depths:3)
  Aizul (Elf:3)
  9 vault wardens
  An orc warlord (Elf:3)
  2 draconian shifters (Zot:4)
  2 draconian stormcallers
  3 draconian annihilators (Zot:4)
  17 ironheart preservers
  37 very ugly things
  4 deep elf elementalists (Elf:3)
  9 entropy weavers
  18 stone giants
  6 deep elf demonologists
  5 green draconians
  10 black draconians
  2 vampire knights (Depths:5)
  7 deep elf annihilators
  6 yellow draconians
  6 red draconians
  7 spark wasps
  8 white draconians
  3 purple draconians
  The ghost of jeanjacques the Lord of Darkness, a journeyman DsWn of Kikubaaqudgha (Orc:1)
  9 deep elf death magi
  A blizzard demon (Depths:1)
  2 crystal guardians (Vaults:4)
  20 ettins
  7 merfolk impalers
  A minotaur (Lab)
  15 fire dragons
  2 jiangshi (Depths:4)
  6 merfolk javelineers
  10 great orbs of eyes
  24 vault guards (Vaults:5)
  19 yaktaur captains
  4 deep elf high priests
  3 rakshasas
  7 spriggan air magi
  12 hydras
  17 ice dragons
  An alligator snapping turtle (Shoals:4)
  11 centaur warriors
  16 ogre magi
  5 death knights
  3 catoblepae
  45 two-headed ogres
  4 merfolk avatars
  16 dancing weapons
  6 merfolk aquamancers
  A death yak (shapeshifter) (Vaults:5)
  17 deep troll shamans
  5 satyrs
  9 deep troll earth magi
  5 vampire magi
  6 spriggan berserkers
  7 tengu warriors
  Urug (Lair:3)
  11 death yaks
  6 orc high priests
  A thrashing horror (Abyss:3)
  5 soul eaters
  8 iron trolls
  3 sun demons
  3 shadow wraiths
  12 deep elf knights
  A fire crab (shapeshifter) (Depths:4)
  3 hell knights
  17 slime creatures
  3 flayed ghosts
  5 unseen horrors
  31 deep trolls
  13 sea snakes
  The ghost of zkyp the Nimble, a novice DsMo of Cheibriados (Bailey)
  5 glowing orange brains
  An unseen horror (shapeshifter) (Depths:1)
  An infernal demonspawn (Depths:3)
  5 wizards
  A lindwurm (Lair:6)
  15 orc knights
  11 deep elf archers
  A torturous demonspawn (Depths:3)
  13 harpies
  A tengu zombie (Vaults:2)
  7 necromancers
  3 phantasmal warriors
  15 ironbrand convokers
  An obsidian statue (Depths:1)
  21 orb spiders
  Pikel (D:6)
  46 ugly things
  4 orc sorcerers (Orc:2)
  4 oklob plants (Lair:4)
  33 wolf spiders
  A mana viper (shapeshifter) (D:15)
  43 deep elf magi
  A faun (shapeshifter) (Depths:1)
  A shining eye (shapeshifter) (Vaults:4)
  2 salamanders (shapeshifter)
  17 fauns
  14 manticores
  A rust devil (Depths:1)
  27 moths of wrath
  An elephant (shapeshifter) (Depths:3)
  7 merfolk sirens
  8 cyclopes
  6 water nymphs
  18 vault sentinels
  5 elephants (Lair:3)
  5 black mambas
  A black mamba (shapeshifter) (D:14)
  2 gargoyles
  An orange demon (Depths:1)
  An ice statue (D:9)
  2 molten gargoyles (Lair:6)
  A torpor snail (Spider:1)
  16 spiny frogs
  19 demonic crawlers
  6 freezing wraiths
  4 rime drakes
  2 efreet
  17 komodo dragons
  3 kobold demonologists
  50 yaktaurs
  An ice devil (Depths:1)
  4 red devils (Elf:2)
  4 tengu conjurers
  35 jumping spiders
  3 meliai (D:15)
  A meliai (shapeshifter) (Depths:4)
  A yaktaur skeleton (Vaults:2)
  5 polar bears
  14 trolls
  20 merfolk
  5 wind drakes
  A wind drake (shapeshifter) (Vaults:3)
  15 hornets
  A tengu simulacrum (Vaults:3)
  7 blink frogs
  A harpy skeleton (D:15)
  A hippogriff (shapeshifter) (Vaults:2)
  A snapping turtle (shapeshifter) (Depths:5)
  8 dream sheep
  2 raiju (Abyss:3)
  6 snapping turtles
  15 hippogriffs
  12 air elementals
  A redback (shapeshifter) (Vaults:5)
  A spriggan (shapeshifter) (Depths:2)
  Sigmund (D:2)
  A spriggan (Depths:3)
  A tarantella (shapeshifter) (Vaults:4)
  A vampire (D:12)
  100 redbacks
  19 water elementals
  39 tarantellas
  4 wraiths
  31 yaks
  3 wyverns
  A shadow (D:15)
  6 fire elementals
  6 basilisks
  A hog (shapeshifter) (Vaults:1)
  4 hogs
  A human (shapeshifter) (D:13)
  A hungry ghost (D:15)
  Grum (D:10)
  A human simulacrum (Vaults:1)
  5 vampire mosquitoes (Lair:5)
  A chaos spawn (Depths:3)
  2 basilisks (shapeshifter)
  2 wargs (Orc:1)
  3 acid dragons
  A floating eye (Depths:4)
  3 hell hounds (Lair:6)
  The ghost of vatarom the Sneak, an amateur VSAs (D:4)
  11 water moccasins
  40 orc warriors
  An ice beast (shapeshifter) (Depths:2)
  10 porcupines
  3 sky beasts
  A slave (D:6)
  2 human zombies (Vaults:2)
  51 ogres
  A hornet zombie (D:9)
  A black bear (shapeshifter) (Vaults:1)
  A phantom (D:9)
  4 ice beasts
  2 black bears
  An ogre (shapeshifter) (Depths:3)
  A tengu (shapeshifter) (Depths:2)
  15 boggarts
  A small abomination (Abyss:3)
  20 wolves
  24 centaurs
  16 crocodiles
  8 big kobolds
  Blork the orc (D:14)
  An earth elemental (Elf:2)
  15 bullfrogs
  A wyvern zombie (D:11)
  A wyvern skeleton (D:14)
  4 scorpions
  5 killer bees (D:13)
  A wight (D:9)
  5 howler monkeys
  5 electric eels
  5 centaur zombies
  5 lava snakes (Lair:6)
  22 crimson imps
  A hound (shapeshifter) (Depths:2)
  6 jellies
  4 quasits
  6 hounds
  3 iron imps
  Crazy Yiuf (D:3)
  21 orc wizards
  21 orc priests
  2 bullfrog skeletons (D:10)
  A centaur skeleton (D:11)
  Terence (D:2)
  3 iguanas
  2 polar bear simulacra (Lair:2)
  13 worker ants
  6 yak simulacra (Lair:2)
  2 wolf simulacra (Lair:2)
  A hound zombie (D:6)
  A hound skeleton (D:7)
  Robin (D:2)
  2 howler monkey zombies (D:9)
  2 worker ant zombies
  11 gnolls
  16 adders
  A howler monkey skeleton (D:6)
  3 shadow imps
  3 white imps
  4 ufetubi (Depths:3)
  5 oozes
  An adder zombie (D:8)
  2 worms
  3 dart slugs
  A worm (shapeshifter) (Vaults:3)
  3 leopard geckos
  81 orcs
  7 ball pythons
  7 bats
  2 giant cockroaches
  19 hobgoblins
  12 jackals
  A quokka (D:7)
  4 frilled lizards
  14 goblins
  41 kobolds
  A leopard gecko skeleton (D:4)
  A quokka skeleton (D:5)
  7 rats
  A river rat simulacrum (Lair:2)
  2 crawling corpses (Elf:3)
  A tentacle (Shoals:2)
2298 creatures vanquished.

Vanquished Creatures (collateral kills)
  A spark wasp (Depths:2)
1 creature vanquished.

Vanquished Creatures (others)
  2 spark wasps (Depths:4)
  A necromancer (Lair:2)
  A demonic crawler (Spider:3)
  A human (Lair:6)
  15 fungi
  8 plants
  18 tentacles (Shoals:2)
  A withered plant (Shoals:1)
47 creatures vanquished.

Grand Total: 2346 creatures vanquished

Notes
Turn   | Place    | Note
-------+----------+-------------------------------------------
     0 | D:1      | xgamer67 the Centaur Hunter began the quest for the Orb.
     0 | D:1      | Reached XP level 1. HP: 17/17 MP: 1/1
   375 | D:1      | Reached XP level 2. HP: 24/24 MP: 2/2
   624 | D:1      | Reached skill level 1 in Polearms
  1467 | D:2      | Reached XP level 3. HP: 26/29 MP: 3/3
  1479 | D:2      | Noticed Robin
  1482 | D:2      | Noticed Terence
  1913 | D:2      | Killed Robin
  2048 | D:2      | Reached XP level 4. HP: 32/36 MP: 4/4
  2133 | D:2      | Found a deep blue altar of Sif Muna.
  2146 | D:2      | Noticed Sigmund
  2347 | D:2      | Killed Terence
  2589 | D:2      | Found a burning altar of Makhleb.
  2877 | D:3      | Found a shimmering altar of Xom.
  2878 | D:3      | Found a shimmering altar of Xom.
  2879 | D:3      | Found a shimmering altar of Xom.
  2917 | D:3      | Found an opulent altar of Gozag.
  2977 | D:3      | Reached XP level 5. HP: 36/41 MP: 5/5
  3257 | D:3      | Found a shimmering altar of Xom.
  3645 | D:3      | Found a runed door.
  3649 | D:3      | Noticed Crazy Yiuf
  3652 | D:3      | Killed Crazy Yiuf
  4103 | D:4      | Reached XP level 6. HP: 38/48 MP: 6/6
  4425 | D:4      | Noticed vatarom's ghost (amateur VSAs)
  4448 | D:4      | Killed vatarom's ghost
  4465 | D:4      | Found Orhen's Magic Scroll Boutique.
  4479 | D:4      | Bought a scroll of teleportation for 39 gold pieces
  4479 | D:4      | Bought a scroll of identify for 26 gold pieces
  4479 | D:4      | Bought a scroll of fear for 45 gold pieces
  4479 | D:4      | Bought a scroll of identify for 26 gold pieces
  4539 | D:4      | Found a staircase to the Ecumenical Temple.
  4555 | Temple   | Entered the Ecumenical Temple
  4613 | Temple   | Became a worshipper of Warmaster Okawaru
  4931 | D:4      | Reached XP level 7. HP: 55/55 MP: 7/7
  5026 | D:5      | Entered Level 5 of the Dungeon
  5026 | D:5      | Found a basalt altar of Yredelemnul.
  5152 | D:5      | Reached skill level 1 in Evocations
  5233 | D:5      | Noticed a dagger
  5234 | D:5      | Noticed a dagger
  5252 | D:5      | Found a hide-covered altar of Uskayaw.
  5923 | D:5      | Reached skill level 5 in Polearms
  5972 | D:5      | Reached * piety under Okawaru
  6611 | D:6      | Reached XP level 8. HP: 55/61 MP: 10/10
  6895 | D:6      | Reached skill level 10 in Bows
  7170 | D:6      | Noticed Pikel
  7214 | D:7      | Reached ** piety under Okawaru
  7472 | D:7      | Noticed a hippogriff
  7484 | D:7      | Killed a hippogriff
  7502 | D:7      | Found a stormy altar of Qazlal.
  7762 | D:7      | Found a hazy altar of Hepliaklqana.
  7900 | D:7      | Reached *** piety under Okawaru
  7974 | D:7      | Learned a level 1 spell: Animate Skeleton
  7976 | D:7      | Learned a level 1 spell: Apportation
  7978 | D:7      | Learned a level 1 spell: Confusing Touch
  7980 | D:7      | Learned a level 1 spell: Summon Small Mammal
  8075 | D:7      | Noticed a hippogriff
  8123 | D:7      | Killed a hippogriff
  8123 | D:7      | Reached XP level 9. HP: 34/67 MP: 12/12
  8309 | D:7      | Reached skill level 5 in Evocations
  8577 | D:8      | Noticed a troll
  8736 | D:8      | Killed a troll
  8886 | D:8      | Learned a level 2 spell: Passwall
  8991 | D:8      | Received a gift from Okawaru
  9227 | D:8      | Reached skill level 1 in Invocations
 10194 | D:9      | Noticed an ice statue
 10309 | D:9      | Reached **** piety under Okawaru
 10475 | D:9      | Noticed a two-headed ogre
 10776 | D:9      | Killed a two-headed ogre
 10776 | D:9      | Received a gift from Okawaru
 10776 | D:9      | Reached XP level 10. HP: 73/73 MP: 14/14
 10911 | D:9      | Found a runed door.
 11653 | D:9      | Found a snail-covered altar of Cheibriados.
 11828 | D:9      | Reached skill level 5 in Invocations
 11849 | D:9      | Reached ***** piety under Okawaru
 11854 | D:9      | Noticed a two-headed ogre
 11917 | D:9      | Killed a two-headed ogre
 11917 | D:9      | Received a gift from Okawaru
 12226 | D:9      | Noticed a two-headed ogre
 12244 | D:9      | Killed a two-headed ogre
 12244 | D:9      | Received a gift from Okawaru
 12512 | D:9      | Noticed a cyclops
 12512 | D:9      | Noticed a six-headed hydra
 12640 | D:10     | Entered Level 10 of the Dungeon
 12685 | D:10     | Noticed Grum
 12720 | D:10     | Received a gift from Okawaru
 12770 | D:10     | Killed Grum
 13219 | D:10     | Found a staircase to the Orcish Mines.
 13525 | D:10     | Received a gift from Okawaru
 13537 | D:10     | Reached XP level 11. HP: 64/79 MP: 16/16
 13786 | D:10     | Noticed a two-headed hydra
 13860 | D:10     | Killed a two-headed hydra
 13860 | D:10     | Received a gift from Okawaru
 14858 | D:2      | Killed Sigmund
 15054 | D:6      | Killed Pikel
 15505 | D:9      | Reached skill level 10 in Polearms
 15739 | D:9      | Killed a six-headed hydra
 15748 | D:9      | Received a gift from Okawaru
 16455 | D:11     | Received a gift from Okawaru
 16595 | D:11     | Killed an unseen horror
 16595 | D:11     | Received a gift from Okawaru
 16595 | D:11     | Reached skill level 15 in Bows
 16901 | D:11     | Found Ydaptef's Antique Weapon Boutique.
 16994 | D:11     | Found a staircase to the Lair.
 17020 | D:11     | Reached ****** piety under Okawaru
 17055 | D:11     | Found Cebam's Antique Armour Boutique.
 17334 | D:12     | Noticed a centaur warrior
 17523 | D:12     | Killed a centaur warrior
 17523 | D:12     | Received a gift from Okawaru
 17523 | D:12     | Reached XP level 12. HP: 56/85 MP: 17/17
 17548 | D:12     | Received a gift from Okawaru
 18162 | D:12     | Noticed a two-headed ogre
 18184 | D:12     | Killed a two-headed ogre
 18264 | D:12     | Got a fine tin ring
 18266 | D:12     | Identified the ring of Erphoxyet {rCorr rPois Str+3} (You found it on level 12 of the Dungeon)
 18740 | Lair:1   | Entered Level 1 of the Lair of Beasts
 18811 | Lair:1   | Received a gift from Okawaru
 18884 | Lair:1   | Noticed a seven-headed hydra
 18895 | Lair:1   | Killed a seven-headed hydra
 18895 | Lair:1   | Received a gift from Okawaru
 18895 | Lair:1   | Reached skill level 3 in Fighting
 19405 | Lair:1   | Reached skill level 4 in Fighting
 19935 | Lair:2   | Noticed a six-headed hydra
 19940 | Lair:2   | Killed a six-headed hydra
 19940 | Lair:2   | Received a gift from Okawaru
 20040 | Lair:2   | Received a gift from Okawaru
 20051 | Lair:2   | Noticed a seven-headed hydra
 20053 | Lair:2   | Killed a seven-headed hydra
 20106 | Lair:2   | Reached skill level 5 in Fighting
 20159 | Lair:2   | Reached skill level 1 in Armour
 20429 | Lair:2   | Found a staircase to the Shoals.
 20826 | Lair:3   | Reached XP level 13. HP: 90/100 MP: 18/18
 20856 | Lair:3   | Received a gift from Okawaru
 20858 | Lair:3   | Got a smoking longbow {god gift}
 20859 | Lair:3   | Identified the +0 longbow of Anger {velocity, Str+4} (Okawaru gifted it to you on level 3 of the Lair of Beasts)
 21390 | Lair:3   | Found a hole to the Spider Nest.
 21487 | Lair:3   | Received a gift from Okawaru
 21497 | Lair:3   | Reached skill level 6 in Fighting
 21776 | Lair:3   | Noticed Urug
 22025 | Lair:3   | Killed Urug
 22553 | Lair:4   | Found a dark tunnel.
 22561 | Volcano  | Entered a volcano
 22964 | Lair:4   | Reached skill level 7 in Fighting
 23419 | Lair:4   | Received a gift from Okawaru
 24168 | Lair:5   | Got a coiled brass ring
 24170 | Lair:5   | Identified the ring "Gorchi Ecli" {-Tele rPois rF+ Str+8 Dex-3} (You found it on level 5 of the Lair of Beasts)
 24708 | Lair:6   | Entered Level 6 of the Lair of Beasts
 24783 | Lair:6   | Reached XP level 14. HP: 113/114 MP: 19/19
 24888 | Lair:6   | Reached skill level 5 in Dodging
 24921 | Lair:6   | Reached skill level 8 in Fighting
 25002 | Lair:6   | Noticed Kirke
 25823 | Lair:5   | Received a gift from Okawaru
 25921 | Lair:5   | Reached skill level 5 in Armour
 26144 | Lair:6   | Received a gift from Okawaru
 26254 | Lair:6   | Killed Kirke
 26417 | Lair:6   | Reached skill level 9 in Fighting
 27039 | Lair:6   | Found a staircase to the Slime Pits.
 27184 | Lair:6   | Found a large runed door.
 27188 | Lair:6   | Found a large runed door.
 27975 | D:13     | Received a gift from Okawaru
 27976 | D:13     | Got a faintly humming centaur barding {god gift}
 27987 | D:13     | Identified the +2 centaur barding "Plog" {Dex+4} (Okawaru gifted it to you on level 13 of the Dungeon)
 28224 | D:13     | Found a gate to the Vaults.
 28641 | D:14     | Found a labyrinth entrance.
 28661 | Lab      | Entered a labyrinth
 28894 | Lab      | Reached XP level 15. HP: 126/126 MP: 20/20
 28897 | Lab      | Identified Sif Muna's Reference Book on Ashen Enhancements
 29003 | D:14     | Reached skill level 10 in Fighting
 29047 | D:14     | Found a flagged portal.
 29055 | D:14     | Noticed Rupert
 29061 | D:14     | Paralysed by Rupert for 4 turns
 29066 | D:14     | Killed Rupert
 29069 | Bailey   | Entered a bailey
 29356 | Bailey   | Noticed zkyp's ghost (novice DsMo)
 29365 | Bailey   | Killed zkyp's ghost
 29624 | D:14     | Identified Arolinod's Incunabulum of the Dove
 29750 | D:14     | Identified a scroll of acquirement
 29960 | D:14     | Noticed Roxanne
 29978 | D:14     | Killed Roxanne
 29991 | D:14     | Identified Roxanne's Papyrus of Moulding (You took it off Roxanne on level 14 of the Dungeon)
 30053 | D:14     | Noticed Blork the orc
 30075 | D:14     | Killed Blork the orc
 30082 | D:14     | Found a deep blue altar of Sif Muna.
 30246 | D:15     | Entered Level 15 of the Dungeon
 30313 | D:15     | Received a gift from Okawaru
 30757 | Orc:1    | Entered Level 1 of the Orcish Mines
 30836 | Orc:1    | Noticed jeanjacques's ghost (journeyman DsWn)
 30845 | Orc:1    | Killed jeanjacques's ghost
 31097 | Orc:2    | Entered Level 2 of the Orcish Mines
 31742 | Orc:2    | Found a staircase to the Elven Halls.
 32606 | Orc:2    | Found Axet's Jewellery Boutique.
 32606 | Orc:2    | Found Qiasik's Assorted Antiques.
 32609 | Orc:2    | Found Pomaarch's Armour Emporium.
 32609 | Orc:2    | Found Utupeos's Magic Scroll Emporium.
 32721 | Orc:2    | Bought a scroll labeled LIONYT CUNNITUL for 28 gold pieces
 32966 | Orc:2    | Bought the amulet "Zushronuh" {Faith Dex+5} for 1035 gold pieces
 33231 | Spider:1 | Entered Level 1 of the Spider Nest
 33265 | Lair:3   | HP: 7/189 [emperor scorpion (6)]
 33270 | Lair:3   | HP: 6/189 [poisoned by an emperor scorpion]
 34517 | Spider:1 | Received a gift from Okawaru
 35121 | Spider:2 | Reached XP level 16. HP: 133/134 MP: 21/21
 35953 | Spider:2 | Received a gift from Okawaru
 36279 | Spider:2 | Received a gift from Okawaru
 36423 | Spider:2 | Received a gift from Okawaru
 36852 | Spider:2 | Reached skill level 10 in Dodging
 37127 | Spider:2 | Received a gift from Okawaru
 37783 | Spider:2 | Received a gift from Okawaru
 38178 | Spider:3 | Reached skill level 10 in Armour
 39042 | Spider:3 | Received a gift from Okawaru
 39042 | Spider:3 | Reached skill level 11 in Fighting
 39809 | Spider:2 | Received a gift from Okawaru
 40218 | Orc:2    | Bought the +11 chain mail of Mumblety Peg {Regen+ rCorr Dex-5} for 985 gold pieces
 40510 | D:4      | Bought a scroll of enchant weapon for 97 gold pieces
 40510 | D:4      | Bought 2 scrolls of blinking for 195 gold pieces
 40860 | Spider:4 | Entered Level 4 of the Spider Nest
 40939 | Spider:4 | Got a pitted zirconium amulet
 40940 | Spider:4 | Identified the amulet of Meonneowa {+Rage Str+2 Dex+5} (You found it on level 4 of the Spider Nest)
 41234 | Spider:4 | Reached XP level 17. HP: 144/144 MP: 22/22
 41909 | Spider:4 | Reached skill level 12 in Fighting
 42315 | Spider:4 | Received a gift from Okawaru
 42332 | Spider:4 | Paralysed by a hornet for 3 turns
 42464 | Spider:4 | Paralysed by a hornet for 1 turns
 42737 | Spider:4 | Got a gossamer rune of Zot
 43074 | Vaults:1 | Entered Level 1 of the Vaults
 43558 | Vaults:1 | Reached skill level 13 in Fighting
 43721 | Vaults:1 | Received a gift from Okawaru
 43891 | Vaults:1 | Found a portal to a secret trove of treasure.
 44191 | D:13     | Received a gift from Okawaru
 44326 | D:15     | Received a gift from Okawaru
 44380 | D:15     | Noticed Canard's ghost (journeyman TrAr)
 44566 | D:15     | Killed Canard's ghost
 44622 | D:15     | Received a gift from Okawaru
 44967 | D:15     | Received a gift from Okawaru
 44967 | D:15     | Reached XP level 18. HP: 159/159 MP: 23/23
 44979 | D:15     | Found a staircase to the Depths.
 45401 | Depths:1 | Entered Level 1 of the Depths
 45529 | Depths:1 | Received a gift from Okawaru
 45529 | Depths:1 | Reached skill level 14 in Fighting
 45656 | Depths:1 | Received a gift from Okawaru
 45666 | Depths:1 | Got a twisted longbow {god gift}
 45679 | Depths:1 | Identified the +2 longbow "Orb Guardian's Curse" {flame, Dex+4} (Okawaru gifted it to you on level 1 of the Depths)
 45741 | Depths:1 | Found a runed door.
 45947 | Depths:1 | Got a sparkling glass ring
 45948 | Depths:1 | Identified the ring of Greed {rC+ Int-2 Dex+5 Stlth+} (You acquired it on level 1 of the Depths)
 46457 | Depths:1 | Found a gateway to Hell.
 46676 | Depths:1 | Received a gift from Okawaru
 46871 | Depths:1 | Received a gift from Okawaru
 47038 | Depths:1 | Noticed a caustic shrike
 47053 | Depths:1 | Killed a caustic shrike
 47053 | Depths:1 | Received a gift from Okawaru
 47053 | Depths:1 | Reached skill level 15 in Fighting
 47411 | Depths:2 | Paralysed by a great orb of eyes for 3 turns
 47570 | Depths:2 | Noticed Bai Suzhen
 47582 | Depths:2 | Killed Bai Suzhen
 47814 | Depths:2 | Received a gift from Okawaru
 47817 | Depths:2 | Noticed an iron giant
 47844 | Depths:2 | Noticed a shard shrike
 47851 | Depths:2 | a shard shrike changed into a titan
 48130 | Shoals:1 | Entered Level 1 of the Shoals
 48305 | Shoals:1 | Reached skill level 16 in Fighting
 48307 | Shoals:1 | Received a gift from Okawaru
 48457 | Shoals:1 | Reached XP level 19. HP: 172/172 MP: 24/24
 49087 | Shoals:2 | Found Xeubu's General Store.
 49563 | Shoals:2 | Learned a level 2 spell: Blink
 49733 | Shoals:2 | Noticed Polyphemus
 49757 | Shoals:2 | Killed Polyphemus
 49757 | Shoals:2 | Received a gift from Okawaru
 49788 | Shoals:2 | Got a twisted centaur barding {god gift}
 49799 | Shoals:2 | Identified the +0 centaur barding of Recklessness {rPois rF- Str-5 Int+6} (Okawaru gifted it to you on level 2 of the Shoals)
 50040 | Shoals:3 | Noticed Jorgrun
 50060 | Shoals:3 | Killed Jorgrun
 50288 | Shoals:3 | Noticed Donald
 50309 | Shoals:2 | Killed Donald
 50631 | Shoals:3 | Reached skill level 17 in Fighting
 51342 | Shoals:4 | Entered Level 4 of the Shoals
 51655 | Shoals:4 | Noticed Ilsuiw
 51697 | Shoals:4 | Killed Ilsuiw
 51697 | Shoals:4 | Received a gift from Okawaru
 52144 | Shoals:4 | Received a gift from Okawaru
 52158 | Shoals:4 | Identified Sif Muna's Almanac of Assistive Stones
 52475 | Shoals:4 | Received a gift from Okawaru
 52615 | Shoals:4 | Reached skill level 10 in Evocations
 53110 | Shoals:4 | Got a steaming ring mail
 53111 | Shoals:4 | Identified the +4 ring mail "Miwongyo" {rN+ Int+5 Dex-5 Slay+3} (You found it on level 4 of the Shoals)
 53227 | Shoals:4 | Got a barnacled rune of Zot
 53549 | D:13     | Received a gift from Okawaru
 54116 | Vaults:1 | Reached XP level 20. HP: 166/184 MP: 27/27
 54488 | Vaults:1 | Identified the Handbook of the Entourage and Enhancements
 54493 | Vaults:1 | Learned a level 2 spell: Swiftness
 54507 | Vaults:1 | Noticed Saint Roka
 54541 | Vaults:1 | Killed Saint Roka
 54937 | Vaults:1 | Cast into level 3 of the Abyss (a deep elf demonologist)
 55168 | Vaults:1 | Escaped the Abyss
 55808 | Vaults:2 | Received a gift from Okawaru
 56024 | Vaults:2 | Received a gift from Okawaru
 56030 | Vaults:2 | Identified the +1 halberd "Lianuwkatz" {holy, rN++} (Okawaru gifted it to you on level 2 of the Vaults)
 57306 | Vaults:3 | Reached skill level 15 in Dodging
 57436 | Vaults:3 | Received a gift from Okawaru
 57651 | Vaults:3 | Noticed Xtahua
 57662 | Vaults:3 | Killed Xtahua
 58333 | Vaults:3 | Received a gift from Okawaru
 58440 | Vaults:3 | Reached skill level 18 in Fighting
 58459 | Vaults:3 | Received a gift from Okawaru
 58708 | Vaults:3 | Reached XP level 21. HP: 186/194 MP: 28/28
 59046 | Vaults:3 | Found a staircase to the Crypt.
 59489 | Vaults:4 | Reached skill level 19 in Fighting
 60027 | Vaults:4 | Received a gift from Okawaru
 60358 | Vaults:4 | Reached skill level 20 in Fighting
 60622 | Depths:2 | Noticed a shard shrike
 60622 | Depths:2 | a titan changed into a shard shrike
 60660 | Depths:2 | Noticed a golden dragon
 60665 | Depths:2 | a golden dragon changed into a shadow dragon
 60707 | Depths:1 | Paralysed by a lich for 2 turns
 60803 | Depths:2 | Noticed a caustic shrike
 60803 | Depths:2 | a shadow dragon changed into a caustic shrike
 60807 | Depths:2 | a caustic shrike changed into a fire giant
 60818 | Depths:2 | Noticed a caustic shrike
 60818 | Depths:2 | a shadow dragon changed into a caustic shrike
 60822 | Depths:2 | Killed a caustic shrike
 61389 | Depths:2 | Received a gift from Okawaru
 61439 | Depths:2 | Noticed a juggernaut
 61668 | Elf:1    | Entered Level 1 of the Elven Halls
 61881 | Elf:1    | Received a gift from Okawaru
 62140 | Elf:1    | Paralysed by a wizard for 7 turns
 63065 | Elf:2    | Reached skill level 21 in Fighting
 63332 | Elf:2    | Found a runed gate.
 63332 | Elf:2    | Found a runed gate.
 63334 | Elf:2    | Found a runed gate.
 63487 | Elf:2    | Reached XP level 22. HP: 164/213 MP: 29/29
 63599 | Elf:2    | Found Uqur's Antique Weapon Shoppe.
 63769 | Elf:3    | Entered Level 3 of the Elven Halls
 63948 | Elf:3    | Received a gift from Okawaru
 63985 | Elf:3    | Found a roughly hewn altar of Beogh.
 64287 | Elf:3    | Noticed Aizul
 64300 | Elf:3    | Killed Aizul
 64395 | Elf:3    | Found Pynluicw's Distillery.
 64404 | Elf:3    | Bought a potion of resistance for 160 gold pieces
 64404 | Elf:3    | Bought a potion of curing for 48 gold pieces
 64404 | Elf:3    | Bought a potion of haste for 160 gold pieces
 64404 | Elf:3    | Bought a potion of agility for 64 gold pieces
 64404 | Elf:3    | Bought a potion of haste for 160 gold pieces
 64897 | Elf:3    | Reached skill level 22 in Fighting
 64920 | Elf:3    | Identified the Papyrus of Curses
 64928 | Elf:3    | Identified Fueril's Last Secrets of Spellcraft
 65105 | Elf:3    | Got a slimy jade ring
 65106 | Elf:3    | Identified the ring "Buamaogy" {-Tele rN+ Int-3 Dex+7 Slay+4} (You found it on level 3 of the Elven Halls)
 65153 | Elf:3    | Identified the ring "Vaner" {Wiz rF+ rN++ Str-2 Dex+2} (You found it on level 3 of the Elven Halls)
 65627 | Depths:2 | Killed a juggernaut
 65627 | Depths:2 | Received a gift from Okawaru
 65627 | Depths:2 | Received a gift from Okawaru
 65688 | Depths:2 | Received a gift from Okawaru
 65853 | Depths:2 | Received a gift from Okawaru
 66688 | Depths:3 | Received a gift from Okawaru
 66916 | Depths:3 | Reached XP level 23. HP: 174/223 MP: 30/30
 67577 | Depths:3 | Received a gift from Okawaru
 67829 | Depths:3 | Found a gateway to a ziggurat.
 68156 | Depths:3 | Found a one-way gate leading to the halls of Pandemonium.
 68460 | Depths:4 | Found a corrupted altar of Lugonu.
 68461 | Depths:4 | Found a one-way gate to the infinite horrors of the Abyss.
 69030 | Depths:4 | Noticed Frederick
 69039 | Depths:4 | Killed Frederick
 69055 | Depths:4 | Received a gift from Okawaru
 69701 | Depths:4 | Noticed Mennas
 69745 | Depths:4 | Killed Mennas
 69745 | Depths:4 | Reached skill level 15 in Armour
 70005 | Depths:4 | Received a gift from Okawaru
 70047 | Depths:4 | Reached XP level 24. HP: 231/231 MP: 30/30
 70233 | Depths:4 | Received a gift from Okawaru
 70352 | Depths:4 | Identified the +1 helmet of Ejayvveb {rF+ rCorr Int-4} (Okawaru gifted it to you on level 4 of the Depths)
 70398 | Depths:5 | Entered Level 5 of the Depths
 71771 | Depths:5 | Received a gift from Okawaru
 71932 | Depths:5 | Found a gate to the Realm of Zot.
 72643 | Vaults:5 | Entered Level 5 of the Vaults
 72649 | Vaults:5 | Noticed Boris
 72688 | Vaults:5 | Received a gift from Okawaru
 72700 | Vaults:5 | Killed Boris
 72719 | Vaults:5 | Received a gift from Okawaru
 72753 | Vaults:5 | Received a gift from Okawaru
 73118 | Vaults:5 | Reached XP level 25. HP: 240/240 MP: 30/30
 73364 | Vaults:5 | Reached skill level 23 in Fighting
 73516 | Vaults:5 | Received a gift from Okawaru
 74084 | Vaults:5 | Received a gift from Okawaru
 74207 | Vaults:5 | Got a silver rune of Zot
 74564 | Vaults:5 | Identified Qusol Gewn's Tome of Greatest Risks and Utility
 74566 | Vaults:5 | Identified the Compendium of Icy Necromancy
 74619 | Vaults:5 | Reached skill level 24 in Fighting
 74671 | Vaults:5 | Received a gift from Okawaru
 75135 | Zot:1    | Entered Level 1 of the Realm of Zot
 75596 | Zot:1    | Received a gift from Okawaru
 76793 | Zot:2    | Reached skill level 25 in Fighting
 76797 | Zot:2    | Reached XP level 26. HP: 256/258 MP: 30/30
 76849 | Zot:2    | Received a gift from Okawaru
 76856 | Zot:2    | Identified the quicksilver dragon scales "Usuda" {-Tele +Fly rC+ MR+} (Okawaru gifted it to you on level 2 of the Realm of Zot)
 77885 | Zot:3    | Learned a level 1 spell: Summon Butterflies
 78376 | Zot:4    | Received a gift from Okawaru
 78552 | Zot:5    | Entered Level 5 of the Realm of Zot
 78997 | Zot:4    | HP: 9/260 [golden dragon (19)]
 78998 | Zot:4    | Slain by a golden dragon

Skill      XL: |  1  2  3  4  5  6  7  8  9 10 11 12 13 14 15 16 17 18 19 20 21 22 23 24 25 26 |
---------------+-------------------------------------------------------------------------------+-----
Polearms       | 1 2 3 4 5 6 8 9 10 12 | 12.0
Bows           | 6 7 8 9 11 12 13 15 17 18 19 20 | 20.0
Evocations     | 3 4 5 7 10 | 10.0
Invocations    | 4 7 |  7.0
Fighting       | 5 7 9 10 11 13 16 17 18 21 22 25 | 25.8
Dodging        | 2 4 6 8 10 12 13 15 17 | 17.0
Armour         | 1 4 6 8 10 12 13 15 17 18 | 18.7
Stealth        | |  0.4

Action                   |  1- 3 |  4- 6 |  7- 9 | 10-12 | 13-15 | 16-18 | 19-21 | 22-24 | 25-27 || total
-------------------------+-------+-------+-------+-------+-------+-------+-------+-------+-------++-------
Melee: Spear             |   162 |   240 |   909 |   754 |       |       |       |       |       ||  2065
       Kick              |    23 |    31 |   145 |   171 |    30 |    47 |     2 |       |    10 ||   459
       Punch             |       |       |       |     4 |       |       |       |       |       ||     4
       Halberd           |       |       |       |    55 |    73 |    95 |     8 |     1 |       ||   232
       Glaive            |       |       |       |       |       |       |       |       |    19 ||    19
 Fire: Shortbow          |    23 |    61 |   133 |   100 |       |       |       |       |       ||   317
       Longbow           |       |       |       |   396 |  1492 |  1696 |  2198 |  1751 |  1090 ||  8623
Throw: Throwing net      |       |       |       |       |       |       |     2 |       |       ||     2
Invok: Heroism           |       |       |     1 |     5 |     1 |     5 |     6 |     7 |       ||    25
       Finesse           |       |       |       |     1 |       |       |     1 |     3 |       ||     5
Evoke: Wand              |       |       |       |    13 |     1 |     7 |     6 |    13 |       ||    40
       Box of beasts     |       |       |       |       |     1 |       |     1 |       |       ||     2
       Lamp of fire      |       |       |       |       |       |     2 |     3 |     2 |       ||     7
       Fan of gales      |       |       |       |       |       |     2 |     2 |     1 |     1 ||     6
       Lightning rod     |       |       |       |       |       |       |       |     2 |       ||     2
  Use: Scroll            |       |    10 |     6 |     6 |    20 |    14 |    18 |    26 |    11 ||   111
       Potion            |       |       |     3 |     1 |     4 |     3 |     1 |     1 |     2 ||    15
 Stab: Paralysed         |       |       |       |    22 |       |     3 |       |       |       ||    25
       Sleeping          |       |       |       |     1 |       |       |       |       |       ||     1
  Eat: Chunk             |     3 |     6 |    17 |    25 |    31 |    31 |    35 |    23 |    13 ||   184
       Royal jelly       |       |       |       |     1 |     2 |     1 |       |       |       ||     4
Armor: Leather armour    |    43 |     9 |       |       |       |       |       |       |       ||    52
       Scale mail        |       |    93 |   444 |   212 |       |       |       |       |       ||   749
       Chain mail        |       |       |       |   129 |   557 |   821 |   546 |   401 |   386 ||  2840
       Skin              |       |       |       |       |     2 |       |       |       |       ||     2
Dodge: Dodged            |    59 |    44 |   278 |   162 |   253 |   468 |   355 |   322 |   227 ||  2168
